 Dungeon Crawl Stone Soup version 0.23.2-40-g277498a001 (webtiles) character file.

Game seed: 1342933297189715687

2927 Glamhuggeren the Fortune-Teller (level 9, -1/68 HPs)
             Began as a Demonspawn Gladiator on Oct 7, 2019.
             Was a Believer of Nemelex Xobeh.
             Slain by a porcupine (9 damage)
             ... on level 8 of the Dungeon.
             The game lasted 00:37:44 (6736 turns).

Glamhuggeren the Fortune-Teller (DsGl)              Turns: 6736, Time: 00:37:46

Health: -1/68      AC:  4    Str: 17    XL:     9   Next: 50%
Magic:  0/23       EV: 13    Int:  9    God:    Nemelex Xobeh [**....]
Gold:   286        SH:  0    Dex: 16    Spells: 8/8 levels left

rFire    + . .     SeeInvis .   a - +1 flail (drain)
rCold    x . .     Gourm    +   (no shield)
rNeg     + . .     Faith    .   m - +2 robe {rN+}
rPois    .         Spirit   +   (helmet restricted)
rElec    .         Reflect  .   g - scarf {Spirit}
rCorr    .         Harm     .   (gloves unavailable)
MR       .....                  (no boots)
Stlth    +.........             F - amulet of the gourmand
HPRegen  0.21/turn              c - ring of magical power
MPRegen  0.18/turn              p - ring of fire

@: no status effects
A: claws 3, hooves 1, horns 1, powered by pain 2
a: Draw Escape, Draw Destruction, Draw Summoning, Renounce Religion


You were on level 8 of the Dungeon.
You worshipped Nemelex Xobeh.
Nemelex Xobeh was pleased with you.
You were very full.

You visited 2 branches of the dungeon, and saw 9 of its levels.

You collected 286 gold pieces.

Inventory:

Hand Weapons
 a - a +1 flail of draining (weapon)
 J - a +1 blowgun
Missiles
 d - 3 throwing nets
 e - 5 tomahawks (quivered)
 i - 281 stones
 z - 92 sling bullets
 D - 19 poisoned needles
 I - 20 arrows
Armour
 b - a +0 large shield
 g - a scarf of spirit shield (worn)
 m - a +2 robe of positive energy (worn)
 t - a +1 chain mail of fire resistance
 E - a +2 chain mail of cold resistance
Jewellery
 c - a ring of magical power (left claw)
 p - a ring of fire (right claw)
 F - an amulet of the gourmand (around neck)
Wands
 C - a wand of paralysis (7)
 K - a wand of flame (10)
Scrolls
 h - 2 scrolls of fog
 j - a scroll of blinking
 l - a scroll of random uselessness {unknown}
 o - a scroll of amnesia
 s - a scroll of magic mapping
 w - 3 scrolls of remove curse
 y - a scroll of fear
 B - a scroll of teleportation
Potions
 k - 3 potions of flight
 n - 3 potions of curing
 q - 4 potions of haste
 u - a potion of ambrosia
 x - 2 potions of agility
 G - a potion of heal wounds
 H - a potion of might {unknown}
Comestibles
 f - 11 rations


   Skills:
 - Level 5.0 Fighting
 * Level 7.6 Maces & Flails
 - Level 2.0 Throwing
 + Level 3.8 Armour
 - Level 3.0 Dodging
 - Level 5.0 Unarmed Combat
 + Level 7.9 Invocations


You had 8 spell levels left.
You didn't know any spells.
Your spell library contained the following spells:

 Spells                   Type           Power        Failure   Level  Hunger
 Magic Dart               Conj           #...         38%         1    ##.....
 Blink                    Tloc           N/A          52%         2    ###....
 Call Imp                 Summ           #.......     52%         2    ###....
 Slow                     Hex            #.......     52%         2    ###....
 Conjure Flame            Conj/Fire      #.......     77%         3    ####...
 Mephitic Cloud           Conj/Pois/Air  #.......     77%         3    ####...


Dungeon Overview and Level Annotations

Branches:
Dungeon (8/15)             Temple (1/1) D:4            Lair (0/6) D:8

Altars:
Ashenzari
Cheibriados
Dithmenos
Elyvilon
Fedhas
Gozag
Hepliaklqana
Kikubaaqudgha
Makhleb
Nemelex Xobeh
Okawaru
Qazlal
Ru
Trog
Uskayaw
Vehumet
Wu Jian
Xom
Zin
The Shining One

Shops:
D:6 (


Innate Abilities, Weirdness & Mutations

You have claws for hands.
You have large cloven feet.
You have a pair of small horns on your head.
You sometimes gain power by taking damage.


Message History

A hound skeleton comes into view.
The porcupine completely misses you.
Okay, then.
Okay, then.
You draw a card...
You have drawn the Orb.
Press: ? - help, Shift-Dir - straight line, f - porcupine, p - porcupine
Aim: a porcupine (heavily wounded, lightly drained)
The orb of energy hits the porcupine!
You kill the porcupine!
The porcupine bites you.
* * * LOW HITPOINT WARNING * * *
You are struck by the porcupine's spines.
* * * LOW HITPOINT WARNING * * *
You miss the porcupine. Your kick misses the porcupine.
You headbutt the porcupine, but do no damage.
The porcupine is lightly wounded.
The porcupine bites you!
You die...
Your body glows slightly and disappears.

*,,,,* *,,,,...,**##.#*,, *,,,,*
*****#.####P...,,> **,,**
#.#.....P.,,, **,,,*
#.#....PPP,,, *,,,,*
##############.#.......,,,
*,,,**##.....##..........P...P,,,
*,,** #)....<...........P..###*,,
,,,,* ##.....##.####..(....+,,*,,
,,,** #........@r...((.(.P#,>*,,
,,** #.....##.######PP..P#***,,
,,* #.....##.........P.PPP,,,,
,** #.....########...P..Pt.,,,
,** #.....# *#[P..PP.P,,, *,*
####### *.......,,,, *,*
**,....,,,,* ,,* ***,,,,,*** ***
*******


You could see a porcupine.

Vanquished Creatures
  A komodo dragon (D:6)
  2 porcupines (D:8)
  A sky beast (D:5)
  3 ogres (D:6)
  2 centaurs
  A crocodile (D:6)
  A bullfrog (D:6)
  5 scorpions
  4 wights (D:7)
  2 electric eels (D:7)
  3 crimson imps
  2 howler monkeys
  7 hounds
  An orc priest (D:7)
  A bullfrog skeleton (D:4)
  Ijyb (D:3)
  2 orc wizards
  8 worker ants
  A hound skeleton (D:5)
  2 worker ant zombies
  6 adders
  An ooze (D:7)
  2 adder skeletons (D:5)
  5 worms
  2 dart slugs
  5 leopard geckos
  12 orcs
  5 giant cockroaches
  14 goblins
  8 hobgoblins
  9 jackals
  7 kobolds
  3 quokkas
  7 bats
  4 frilled lizards
  A leopard gecko zombie (D:6)
  2 quokka skeletons
  10 rats
153 creatures vanquished.

Vanquished Creatures (collateral kills)
  A troll (D:6)
  An ice beast (D:7)
  An orc wizard (D:4)
  A worker ant (D:4)
  Robin (D:4)
  2 orcs (D:4)
  7 goblins (D:4)
  2 hobgoblins (D:4)
  3 kobolds
19 creatures vanquished.

Vanquished Creatures (others)
  A big kobold (D:7)
  An orc wizard (D:7)
  Terence (D:3)
  An adder (D:3)
  3 orcs (D:7)
  A giant cockroach (D:3)
  3 kobolds (D:7)
  A fire vortex (D:3)
  4 fungi (D:8)
16 creatures vanquished.

Grand Total: 188 creatures vanquished

Notes
Turn   | Place    | Note
-------+----------+-------------------------------------------
     0 | D:1      | Glamhuggeren the Demonspawn Gladiator began the quest for
                  | the Orb.
     0 | D:1      | Reached XP level 1. HP: 16/16 MP: 1/1
   234 | D:1      | Gained mutation: You sometimes gain a little power by
                  | taking damage. [demonic ancestry]
   234 | D:1      | Reached XP level 2. HP: 22/22 MP: 2/2
   768 | D:2      | Gained mutation: You have a pair of small horns on your
                  | head. [demonic ancestry]
   768 | D:2      | Reached XP level 3. HP: 28/28 MP: 3/3
  1168 | D:2      | Gained mutation: You have large cloven feet. [demonic
                  | ancestry]
  1168 | D:2      | Reached XP level 4. HP: 22/34 MP: 2/4
  1341 | D:2      | Found a sparkling altar of Nemelex Xobeh.
  1376 | D:2      | Became a worshipper of Nemelex Xobeh the Trickster
  1432 | D:3      | Received a gift from Nemelex Xobeh
  1560 | D:3      | Found a faded altar of an unknown god.
  1906 | D:3      | Noticed Ijyb
  1907 | D:3      | Noticed Terence
  1912 | D:3      | Identified the -1 quarterstaff "Bynie" {freeze, rF++ rC-
                  | Str+6}
  1916 | D:3      | Reached skill level 1 in Invocations
  1916 | D:3      | Killed Terence
  1916 | D:3      | Gained mutation: You have sharp fingernails. [demonic
                  | ancestry]
  1916 | D:3      | Reached XP level 5. HP: 41/41 MP: 5/5
  1916 | D:3      | Paralysed by Ijyb for 7 turns
  1935 | D:3      | Paralysed by Ijyb for 2 turns
  1939 | D:3      | Killed Ijyb
  2046 | D:3      | Noticed a centaur
  2052 | D:3      | Killed a centaur
  2327 | D:4      | Found a staircase to the Ecumenical Temple.
  2349 | D:4      | Gained mutation: You have very sharp fingernails. [demonic
                  | ancestry]
  2349 | D:4      | Reached XP level 6. HP: 38/47 MP: 5/7
  2378 | D:4      | Reached skill level 5 in Maces & Flails
  2395 | D:4      | Noticed Robin
  2400 | D:4      | Killed Robin
  2524 | D:4      | Reached * piety under Nemelex Xobeh
  2573 | Temple   | Entered the Ecumenical Temple
  2923 | D:4      | Gained mutation: You have claws for hands. [demonic
                  | ancestry]
  2923 | D:4      | Reached XP level 7. HP: 43/54 MP: 9/9
  3012 | D:4      | Found a burning altar of Makhleb.
  3070 | D:5      | Entered Level 5 of the Dungeon
  3102 | D:5      | Reached skill level 1 in Unarmed Combat
  3418 | D:5      | Found an opulent altar of Gozag.
  3423 | D:5      | Received a gift from Nemelex Xobeh
  3837 | D:5      | Noticed Eustachio
  3839 | D:5      | Noticed Eustachio
  3839 | D:5      | Eustachio changed into Eustachio the worm
  3845 | D:5      | Killed Eustachio the worm
  4003 | D:6      | Reached ** piety under Nemelex Xobeh
  4050 | D:6      | Reached skill level 5 in Fighting
  4050 | D:6      | Reached skill level 5 in Invocations
  4061 | D:6      | Reached XP level 8. HP: 34/62 MP: 11/11
  4229 | D:6      | Noticed Prince Ribbit
  4568 | D:6      | Reached skill level 1 in Armour
  4599 | D:6      | Noticed Prince Ribbit
  4599 | D:6      | Prince Ribbit changed into Prince Ribbit the crocodile
  4602 | D:6      | Killed Prince Ribbit the crocodile
  4728 | D:6      | Found Unibucun's Antique Weapon Shop.
  4934 | D:6      | Noticed a komodo dragon
  4934 | D:6      | Noticed a troll
  4940 | D:6      | Killed a komodo dragon
  4953 | D:6      | Killed a troll
  5147 | D:6      | Gained mutation: You sometimes gain power by taking damage.
                  | [demonic ancestry]
  5147 | D:6      | Reached XP level 9. HP: 63/68 MP: 14/14
  5237 | D:6      | Found a hazy altar of Hepliaklqana.
  5328 | D:7      | Reached skill level 5 in Unarmed Combat
  5796 | D:7      | Found a transporter.
  5917 | D:7      | Found a transporter.
  6577 | D:8      | Received a gift from Nemelex Xobeh
  6736 | D:8      | Slain by a porcupine

Skill      XL: |  1  2  3  4  5  6  7  8  9 |
---------------+----------------------------+-----
Throwing       | 2 |  2.0
Maces & Flails | 3 4 5 6 7 |  7.6
Dodging        | 3 |  3.0
Fighting       | 3 4 5 |  5.0
Invocations    | 1 2 3 5 6 7 |  7.9
Unarmed Combat | 3 4 5 |  5.0
Armour         | 2 3 |  3.8

Action                   |  1- 3 |  4- 6 |  7- 9 || total
-------------------------+-------+-------+-------++-------
Melee: Flail             |   103 |   151 |   230 ||   484
       Headbutt          |     9 |    23 |    56 ||    88
       Kick              |       |       |    59 ||    59
       Unarmed           |       |       |     5 ||     5
       Punch             |       |       |     1 ||     1
Throw: Tomahawk          |     8 |     9 |    12 ||    29
 Abil: Draw Summoning    |       |     3 |     1 ||     4
       Draw Destruction  |       |     3 |     9 ||    12
       Draw Escape       |       |       |     1 ||     1
  Use: Scroll            |       |     1 |    16 ||    17
       Potion            |       |     1 |     1 ||     2
 Stab: Sleeping          |     3 |     3 |       ||     6
       Distracted        |       |       |     2 ||     2
  Eat: Chunk             |     1 |     6 |    24 ||    31
Armor: Leather armour    |     6 |       |       ||     6
       Robe              |    42 |    45 |    43 ||   130
Dodge: Dodged            |    83 |   113 |   170 ||   366
